 Dungeon Crawl Stone Soup version 0.19.3-1-g3169bf9 (webtiles) character file.

47 dngmouse the Skirmisher (level 3, 0/33 HPs)
             Began as a Formicid Abyssal Knight on Jan 26, 2017.
             Was a Follower of Lugonu.
             Succumbed to an adder's poison
             ... on level 2 of the Dungeon.
             The game lasted 00:05:45 (1684 turns).

dngmouse the Skirmisher (Formicid Abyssal Knight)   Turns: 1684, Time: 00:05:46

Health: 0/33       AC:  8    Str: 16    XL:     3   Next: 97%
Magic:  4/4        EV:  6    Int: 11    God:    Lugonu [*.....]
Gold:   60         SH:  3    Dex: 11    Spells: 0 memorised, 2 levels left

rFire  . . .     SeeInvis +     g - +0 mace (protect)
rCold  . . .     Gourm    .     t - +0 chain mail
rNeg   . . .     Faith    +     i - +0 buckler
rPois  .         Spirit   .     (helmet unavailable)
rElec  .         Reflect  .     (no cloak)
rCorr  .         Harm     .     (no gloves)
MR     .....                    (no boots)
Stlth  ..........               k - amulet of faith
                                (no ring)
                                (no ring)

@: lethally poisoned (0 -> -6)
A: permanent stasis, dig shafts and tunnels, four strong arms, antennae 3
a: Dig, Shaft Self, Depart the Abyss, Renounce Religion


You were on level 2 of the Dungeon.
You worshipped Lugonu.
Lugonu was aware of your devotion.
You were not hungry.

You visited 1 branch of the dungeon, and saw 2 of its levels.
You visited the Abyss 1 time.

You collected 60 gold pieces.

Inventory:

Hand Weapons
 g - a +0 mace of protection (weapon)
Armour
 i - a +0 buckler (worn)
 t - a +0 chain mail (worn)
Jewellery
 b - an uncursed amulet of guardian spirit
 k - an amulet of faith (around neck)
 m - an uncursed amulet of harm {unknown}
Scrolls
 l - a scroll of magic mapping {unknown}
 n - a scroll of fear
 p - a scroll of recharging {unknown}
Potions
 d - a potion of flight
 r - 2 potions of curing {unknown}
 s - 2 potions of haste {unknown}
Comestibles
 a - 6 chunks of flesh
 c - a bread ration
 f - a slice of pizza
 o - a meat ration


   Skills:
 + Level 5.0 Fighting
 - Level 2.0 Maces & Flails
 - Level 2.1 Armour
 - Level 0.8 Dodging
 - Level 2.1 Invocations


You had 2 spell levels left.
You didn't know any spells.

Dungeon Overview and Level Annotations

Branches:
Dungeon (2/15)

Altars:


Innate Abilities, Weirdness & Mutations

You are under a permanent stasis effect.
You can dig through walls and to a lower floor.
Your four strong arms can wield two-handed weapons with a shield.
You have a pair of large antennae on your head. (SInv)


Message History

You feel sick.
The adder bites you but does no damage. x2
You closely miss the adder.
The adder is severely wounded.
* * * LOW HITPOINT WARNING * * *
You feel sick. The adder barely misses you. The adder bites you.
* * * LOW HITPOINT WARNING * * *
It was a potion of flight.
You feel very buoyant.
You fly up into the air.
* * * LOW HITPOINT WARNING * * *
You feel sick. The adder bites you.
* * * LOW HITPOINT WARNING * * *
It was a potion of resistance.
You feel protected. The adder completely misses you.
It was a potion of cancellation.
Your magical effects are unravelling.
You feel magically purged.
You float gracefully downwards.
Your resistance to elements expires.
You die...

...÷....#######
...............
.<......#########
####............. { {
#>............
###.#######.## #.# #.#
#.### #<#####
#####.#.#####..@S.##
#.....#................
##..÷..#.#####.....#####
.......#.# #######
.#....##.# #.......#
#...##### ###.# #.#


You could see an adder.

Vanquished Creatures
  2 adders (D:2)
  A giant cockroach (D:2)
  7 goblins (D:1)
  4 hobgoblins (D:1)
  2 kobolds (D:1)
  A quokka (D:2)
  A ball python (D:2)
  6 bats (D:1)
  A frilled lizard (D:1)
  2 rats (D:1)
27 creatures vanquished.

Notes
Turn   | Place    | Note
-------+----------+-------------------------------------------
     0 | Abyss:1  | dngmouse the Formicid Abyssal Knight began the quest for the Orb.
     0 | Abyss:1  | Reached XP level 1. HP: 18/18 MP: 2/2
    81 | Abyss:1  | Found a corrupted altar of Lugonu.
    81 | Abyss:1  | Found a corrupted altar of Lugonu.
   140 | Abyss:1  | Noticed a ynoxinul
   155 | Abyss:1  | Found a corrupted altar of Lugonu.
   185 | Abyss:1  | Noticed a small abomination
   189 | Abyss:1  | Noticed a thrashing horror
   216 | Abyss:1  | Noticed a large abomination
   248 | Abyss:1  | Noticed a demonic crawler
   277 | D:1      | Escaped the Abyss
   345 | D:1      | Reached * piety under Lugonu
   634 | D:1      | Reached XP level 2. HP: 25/25 MP: 3/3
   685 | D:1      | Reached skill level 4 in Fighting
  1141 | D:1      | Reached XP level 3. HP: 27/31 MP: 4/4
  1549 | D:2      | Reached skill level 5 in Fighting
  1682 | D:2      | HP: 1/33 [adder (2)]
  1684 | D:2      | Succumbed to an adder's poison

Skill      XL: |  1  2  3 |
---------------+----------+-----
Fighting       | 4 5 |  5.0
Maces & Flails | |  2.0
Armour         | |  2.1
Dodging        | |  0.8
Invocations    | |  2.1

Action                   || total
-------------------------++-------
Melee: Mace              ||   122
Invok: Depart the Abyss  ||     1
  Use: Scroll            ||     4
       Potion            ||     3
  Eat: Chunk             ||     3
Armor: Scale mail        ||    26
       Chain mail        ||    56
Dodge: Dodged            ||    53
Block: Buckler           ||    13
